 Dungeon Crawl Stone Soup version 0.29.1-12-g30fa7ad0bf (webtiles) character file.

Game seed: 13237358148970749412

350 cowcol the Trooper (level 6, -1/55 HPs)
             Began as a Minotaur Monk on Dec 23, 2022.
             Slain by a lemure (6 damage)
             ... led by Pikel
             ... on level 4 of the Dungeon.
             The game lasted 00:13:38 (3680 turns).

cowcol the Trooper (Minotaur Monk)                  Turns: 3680, Time: 00:13:38

Health: -1/55      AC: 10    Str: 18    XL:     6   Next: 34%
Magic:  5/5        EV:  8    Int:  7    God:
Gold:   278        SH:  0    Dex: 12    Spells: 5/5 levels left

rFire   . . .      SeeInvis .   l - +2 whip (venom)
rCold   . . .      Faith    .   (no shield)
rNeg    . . .      Spirit   .   i - +0 chain mail
rPois   .          Reflect  .   (helmet restricted)
rElec   .          Harm     .   (no cloak)
rCorr   .          Rampage  .   q - +0 pair of gloves
Will    .....                   (no boots)
Stlth   ..........              (no amulet)
HPRegen 0.18/turn               (no ring)
MPRegen 0.09/turn               (no ring)

@: confused, ambrosia-drunk
A: horns 2, retaliatory headbutt
a: no special abilities


You were on level 4 of the Dungeon.
You visited 1 branch of the dungeon, and saw 4 of its levels.

You collected 278 gold pieces.

Inventory:

Hand Weapons
 a - a +0 hand axe
 d - a +0 flail
 g - a +0 rapier
 l - a +2 whip of venom (weapon)
 p - a +0 dire flail
Missiles
 h - 5 atropa-tipped darts (quivered)
Armour
 e - a +0 leather armour
 i - a +0 chain mail (worn)
 q - a +0 pair of gloves (worn)
Magical Staves
 b - a staff of death
Scrolls
 f - a scroll of poison
 j - a scroll of blinking
 m - a scroll of enchant armour {unknown}
 s - 2 scrolls of enchant weapon
 t - a scroll of butterflies {unknown}
Potions
 k - a potion of cancellation {unknown}
 n - a potion of curing {unknown}
 o - a potion of attraction {unknown}
 r - a potion of lignification {unknown}
 u - 2 potions of mutation {unknown}


   Skills:
 + Level 4.9 Fighting
 + Level 4.4(4.9) Axes
 + Level 2.8(4.2) Maces & Flails
 + Level 1.5(2.4) Staves
 + Level 4.2 Armour
 + Level 3.9 Dodging
 + Level 2.1 Stealth


You had 5 spell levels left.
You didn't know any spells.
Your spell library contained the following spells:

 Spells                   Type           Power      Damage    Failure   Level
 Shock                    Conj/Air       0%         1d3       99%         1
 Slow                     Hex            0%         N/A       99%         1
 Blink                    Tloc           0%         N/A       100%        2
 Confusing Touch          Hex            0%         N/A       100%        3
 Lesser Beckoning         Tloc           0%         N/A       100%        3
 Swiftness                Air            0%         N/A       100%        3
 Vampiric Draining        Necr           0%         2d6       100%        3
 Airstrike                Air            0%         2d(0-16)  100%        4
 Manifold Assault         Tloc           0%         N/A       100%        5


Dungeon Overview and Level Annotations

Branches:
Dungeon (4/15)
 Temple: D:4-7

Altars:
Makhleb
Nemelex Xobeh
Ru
Vehumet

Annotations:
D:3 3 runed translucent doors, Radix's ghost, amateur GrEE; growler's ghost, amateur FoFi
D:4 Pikel


Innate Abilities, Weirdness & Mutations

You have a pair of horns on your head.
You reflexively headbutt those who attack you in melee.


Message History

The lemure hits you but does no damage. x2
You barely miss Pikel.
Pikel is heavily wounded.
The lemure hits you.
The lemure hits you but does no damage. x3
Pikel hits you but does no damage.
You hit Pikel.
Pikel looks as sick as possible!
Your headbutt misses Pikel.
Pikel is severely wounded.
The lemure hits you but does no damage. x2; The lemure closely misses you.
The lemure hits you.
Pikel hits you with a +0 whip of freezing!
Pikel freezes you.
* * * LOW HITPOINT WARNING * * *
You barely miss Pikel. Your headbutt misses Pikel.
Pikel is severely wounded.
The lemure hits you but does no damage. x2
Pikel hits you with a +0 whip of freezing.
* * * LOW HITPOINT WARNING * * *
Pikel freezes you.
* * * LOW HITPOINT WARNING * * *
The lemure closely misses you. You furiously retaliate!
You headbutt the lemure, but do no damage.
The lemure barely misses you. You furiously retaliate!
You headbutt the lemure.
You are confused.
You feel invigorated.
The lemure barely misses you. x2; The lemure hits you.
* * * LOW HITPOINT WARNING * * *
The lemure hits you but does no damage.
Pikel hits you with a +0 whip of freezing.
* * * LOW HITPOINT WARNING * * *
Pikel freezes you.
* * * LOW HITPOINT WARNING * * *
The lemure attacks as you move away! The lemure hits you.
* * * LOW HITPOINT WARNING * * *
Pikel attacks as you move away! Pikel hits you but does no damage.
There is a stone staircase leading up here.
You miss Pikel.
Pikel is severely wounded.
The lemure hits you.
* * * LOW HITPOINT WARNING * * *
The lemure hits you.
You die...

,......................#,,,,,*
,......................#,,,,,*
,............###..##...#*,,,,*
,*####...+######.†##...##.,,,*
** #........#...........,,,* *
#........#...........,,,*
#........#..5........,,,*
#........#5K5........,,,*
##..##...##@5.....##.,,,*
######.###########*,,,,*
#.#*,,,,,,,,+,,,,,*
#.#*,,,,,,,,*,,,,,*
#.#*,,,,,,,,*,,,,,*
##.#*,,,,,,,,*,,,,,*
#..#**************** #.## #.#


You could see Pikel (extremely poisoned) and 4 lemures.

Vanquished Creatures
  A necrophage (D:3)
  A scorpion (D:4)
  Terence (D:3)
  3 orc wizards
  Robin (D:4)
  A gnoll (D:1)
  2 adders (D:3)
  2 worms
  2 dart slugs
  8 orcs
  4 ball pythons
  2 endoplasms (D:1)
  5 giant cockroaches
  5 goblins
  13 hobgoblins
  4 jackals (D:1)
  6 kobolds
  A quokka (D:1)
  4 bats
  6 frilled lizards
  9 rats
81 creatures vanquished.

Notes
Turn   | Place    | Note
-------+----------+-------------------------------------------
     0 | D:1      | cowcol the Minotaur Monk began the quest for the Orb.
     0 | D:1      | Reached XP level 1. HP: 19/19 MP: 0/0
   185 | D:1      | Reached XP level 2. HP: 16/27 MP: 1/1
   750 | D:1      | Reached skill level 1 in Armour
   973 | D:1      | Reached XP level 3. HP: 31/33 MP: 2/2
  1046 | D:1      | Found a faded altar of an unknown god.
  2246 | D:3      | Found a runed translucent gate.
  2247 | D:3      | Found a runed translucent gate.
  2248 | D:3      | Found a runed translucent gate.
  2280 | D:3      | Reached XP level 4. HP: 36/40 MP: 3/3
  2287 | D:3      | Reached skill level 1 in Staves
  2303 | D:3      | Reached skill level 1 in Maces & Flails
  2476 | D:3      | Found a burning altar of Makhleb.
  2499 | D:3      | Noticed a necrophage
  2528 | D:3      | Killed a necrophage
  2529 | D:3      | Reached XP level 5. HP: 22/47 MP: 4/4
  2948 | D:3      | Found a radiant altar of Vehumet.
  3067 | D:3      | You fall into a shaft and drop 1 floor!
  3107 | D:4      | Found a sacrificial altar of Ru.
  3142 | D:3      | Noticed Radix's ghost (amateur GrEE)
  3142 | D:3      | Noticed growler's ghost (amateur FoFi)
  3186 | D:3      | Noticed Terence
  3195 | D:3      | Killed Terence
  3298 | D:3      | Found a sparkling altar of Nemelex Xobeh.
  3500 | D:4      | Noticed Robin
  3510 | D:4      | Killed Robin
  3511 | D:4      | Reached XP level 6. HP: 53/53 MP: 5/5
  3658 | D:4      | Noticed Pikel
  3680 | D:4      | Slain by a lemure

Illustrated notes

Levels and vault maps discovered:
D:1:      beargit_arrival_greenhouse, layout_basic,
          hellmonk_ecumenical_altar_blasted
D:2:      wander_river, layout_basic
D:3:      layout_rooms, lemuel_crystal_altar, mainiacjoe_overflow_chevrons,
          amcnicky_altar_gilded, gammafunk_ghost_cemetery, minmay_cut_off,
          uniq_terence
D:4:      layout_gridville, nicolae_ru_great_annihilating_truth,
          gammafunk_ghost_split, nicolae_elevator_lobby_plus, uniq_robin,
          uniq_sigmund, uniq_pikel

Skill      XL: |  1  2  3  4  5  6 |
---------------+-------------------+-----
Axes           | 4 |  4.4
Armour         | 1 2 3 4 |  4.2
Fighting       | 4 |  4.9
Staves         | 1 |  1.5
Maces & Flails | 1 2 |  2.8
Stealth        | 2 |  2.1
Dodging        | |  3.9

Action                   |  1- 3 |  4- 6 || total
-------------------------+-------+-------++-------
Melee: Hand axe          |    31 |       ||    31
       Headbutt          |    12 |    19 ||    31
       Staff             |    49 |       ||    49
       Whip              |    10 |    73 ||    83
       Dire flail        |     8 |    45 ||    53
  Use: Scroll            |     4 |     3 ||     7
       Potion            |       |     1 ||     1
 Stab: Sleeping          |     1 |       ||     1
Armor: Leather armour    |     7 |       ||     7
       Chain mail        |    23 |    71 ||    94
Dodge: Dodged            |    58 |    61 ||   119
